 Dungeon Crawl Stone Soup version 0.31-a0-977-gc230f8ef24 (webtiles) character file.

Game seed: 10149057116565738566

2045 Shayle the Insei (level 9, -2/55 HPs)
             Began as a Tengu Hexslinger on Oct 29, 2023.
             Was a Follower of Ashenzari.
             Killed from afar by a steam dragon (22 damage)
             ... with a ball of steam
             ... on level 9 of the Dungeon.
             The game lasted 00:14:40 (5410 turns).

Shayle the Insei (Tengu Hexslinger)                 Turns: 5410, Time: 00:14:41

Health: -2/55      AC: 13    Str: 19    XL:     9   Next: 24%
Magic:  11/11      EV: 27    Int: 18    God:    Ashenzari [*.....]
Gold:   1361       SH:  0    Dex: 16    Spells: 10/10 levels left

rFire   . . .        j - +5 dagger "Wesyplep" {heavy, Str+4}
rCold   + . .        (no shield)
rNeg    . . .        x - +1 plate armour {rC+}
rPois   .            (helmet restricted)
rElec   .            (no cloak)
rCorr   +            s - +0 pair of gloves
SInv    .            (boots unavailable)
Will    .....        m - amulet of regeneration Stlth
                     k - ring "Chained Burden" {Str+6, Melee, Elem} (curse)
HPRegen 1.09/turn    q - ring "Cosmic Sybil" {rCorr, Fort, Melee} (curse)
MPRegen 0.12/turn

%: acrobat
@: acrobatic, flying
A: beak, talons 3, evasive flight, acrobatic
a: Renounce Religion, Curse Item, Shatter the Chains


You were on level 9 of the Dungeon.
You worshipped Ashenzari.
Ashenzari was aware of your devotion.
You visited 2 branches of the dungeon, and saw 10 of its levels.

You collected 1361 gold pieces.

Inventory:

Hand Weapons
 a - a +1 sling
 f - a +2 dagger of draining
 j - the +5 dagger "Wesyplep" (weapon) {heavy, Str+4}
   (You found it on level 2 of the Dungeon)

   Str+4:     It affects your strength (+4).
 r - a +2 morningstar of draining
Missiles
 d - 5 silver javelins (quivered)
Armour
 c - a +0 robe
 e - a +0 ring mail
 s - a +0 pair of gloves (worn)
 x - a +1 plate armour of cold resistance (worn)
 D - a +0 buckler
Jewellery
 i - a +5 ring of evasion
 k - the cursed ring "Chained Burden" (left hand) {Str+6, Melee, Elem}
   (You found it on level 1 of the Dungeon)

   [ring of strength]

   Str+6:     It affects your strength (+6).
   It has a curse which improves the following skills: Melee Combat: Short
   Blades, Long Blades, Axes, Maces & Flails, Polearms, Staves and Unarmed
   Combat.
   Elements:  Fire Magic, Ice Magic, Air Magic and Earth Magic.
 m - an amulet of regeneration (around neck)
 q - the cursed ring "Cosmic Sybil" (right hand) {rCorr, Fort, Melee}
   (You found it on level 4 of the Dungeon)

   [ring of resist corrosion]

   rCorr:     It protects you from acid and corrosion.
   It has a curse which improves the following skills: Fortitude: Armour and
   Shields.
   Melee Combat: Short Blades, Long Blades, Axes, Maces & Flails, Polearms,
   Staves and Unarmed Combat.
 w - an amulet of guardian spirit
 z - a ring of protection from fire
Talismans
 t - a blade talisman
Wands
 h - a wand of iceblast (11)
 l - a wand of flame (27)
Scrolls
 b - a scroll of poison
 n - 5 scrolls of fear
 p - a scroll of vulnerability
 v - 2 scrolls of teleportation
 y - 2 scrolls of amnesia
 C - 2 scrolls of identify
 F - a scroll of immolation
Potions
 g - a potion of lignification
 o - a potion of enlightenment
 u - a potion of haste
 B - a potion of ambrosia
 E - a potion of cancellation


   Skills:
 + Level 6.2 Fighting
 - Level 2.1 Ranged Weapons
 + Level 2.8(3.5) Armour
 - Level 6.3 Dodging
 + Level 6.5(7.7) Unarmed Combat
 - Level 1.0 Spellcasting
 - Level 2.1 Hexes
 + Level 4.0(4.7) Fire Magic
 + Level 4.4(5.1) Air Magic


You had 10 spell levels left.
You didn't know any spells.
Your spell library contained the following spells:

 Spells                   Type           Power      Damage    Failure   Level
 Jinxbite                 Hex            16%        N/A       99%         2
 Inner Flame              Hex/Fire       13%        N/A       99%         3
 Sandblast                Erth           2%         2d4       100%        1
 Passwall                 Tmut/Erth      0%         N/A       100%        2
 Sigil of Binding         Hex            8%         N/A       100%        3
 Stone Arrow              Conj/Erth      2%         3d7       100%        3
 Brom's Barrelling Bould  Conj/Erth      1%         2d3       100%        4
 Cause Fear               Hex            4%         N/A       100%        4
 Dimensional Bullseye     Hex/Tloc       2%         N/A       100%        4


Dungeon Overview and Level Annotations

Branches:
Dungeon (9/15)             Temple (1/1) D:5
   Lair: D:8-11         Orc: D:9-12

Altars:
Ashenzari
Cheibriados
Dithmenos
Elyvilon
Fedhas
Gozag
Hepliaklqana
Kikubaaqudgha
Makhleb
Nemelex Xobeh
Okawaru
Qazlal
Ru
Sif Muna
Trog
Vehumet
Wu Jian
Xom
Yredelemnul
Zin
The Shining One


Innate Abilities, Weirdness & Mutations

You have a beak for a mouth.
You have claws for feet.
Your magical flight helps you evade attacks. (EV +4)
You can magically evade attacks while moving or waiting.


Message History

The steam dragon claws you.
You hit the steam dragon. Your kick misses the steam dragon.
The steam dragon is lightly wounded.
The steam dragon breathes steam at you. The ball of steam hits you!
You hit the steam dragon. You claw the steam dragon.
You peck the steam dragon, but do no damage.
The steam dragon is moderately wounded.
You are engulfed in a cloud of scalding steam.
The steam dragon bites you but does no damage.
The steam dragon claws you but does no damage.
The steam dragon bites you but does no damage.
The steam dragon barely misses you. The steam dragon breathes steam at you.
The ball of steam misses you.
You barely miss the steam dragon. Your kick misses the steam dragon.
Your peck misses the steam dragon.
The steam dragon is moderately wounded.
You are engulfed in a cloud of scalding steam.
The steam dragon bites you but does no damage.
The steam dragon claws you.
Unknown command.
The steam dragon breathes steam at you. The ball of steam hits you!
The steam dragon breathes steam at you. The ball of steam hits you.
* * * LOW HITPOINT WARNING * * *
Unknown command.
The steam dragon completely misses you. x2
Ashenzari invites you to partake of a vision and a curse of beguiling and fortitude.
Aiming: Iceblast
Press: ? - help, Shift-Dir - straight line The mass of ice explodes!
The iceblast engulfs the steam dragon!
The steam dragon is severely wounded.
The steam dragon bites you but does no damage.
The steam dragon claws you but does no damage.
Unknown command.
The steam dragon breathes steam at you. The ball of steam hits you!!
You die...

# .#
##########.###
###............#
#..............#
#............#
#............#
#....§......§.
#.<..D@.§§§§.#
#....§....)..#
#......§§§...#
#......§.§...#
#......§§....#
####.#########
#.. .... #..


You could see a steam dragon (catching breath).

Vanquished Creatures
  A two-headed ogre (D:9)
  Grinder (D:3)
  A steam dragon (D:7)
  A water moccasin (D:8)
  A black bear (D:5)
  An ogre (D:6)
  2 centaurs (D:8)
  A bullfrog (D:7)
  2 scorpions (D:6)
  2 jellies (D:6)
  2 orc priests
  3 hounds
  A sleepcap (D:5)
  An iguana (D:5)
  An orc wizard (D:8)
  Terence (D:3)
  4 adders
  3 white imps
  2 worms (D:3)
  2 dart slugs
  17 orcs
  5 ball pythons
  10 endoplasms
  4 giant cockroaches
  5 goblins
  4 hobgoblins
  2 jackals (D:3)
  3 quokkas
  5 bats
  6 frilled lizards
  9 kobolds
  3 rats
106 creatures vanquished.

Vanquished Creatures (others)
  An orc wizard (D:4)
1 creature vanquished.

Grand Total: 107 creatures vanquished

Notes
Turn   | Place    | Note
-------+----------+-------------------------------------------
     0 | D:1      | Shayle the Tengu Hexslinger began the quest for the Orb.
     0 | D:1      | Reached XP level 1. HP: 12/12 MP: 3/3
    83 | D:1      | Reached XP level 2. HP: 16/16 MP: 4/4
   141 | D:1      | Reached skill level 1 in Unarmed Combat
   165 | D:1      | Found a faded altar of an unknown god.
   414 | D:1      | Reached XP level 3. HP: 21/21 MP: 5/5
  1143 | D:2      | Identified the +5 dagger "Wesyplep" {heavy, Str+4}
  1547 | D:2      | Reached XP level 4. HP: 16/26 MP: 6/6
  1629 | D:3      | Noticed Grinder
  1733 | D:3      | Paralysed by Grinder for 2 turns
  1748 | D:3      | Noticed Terence
  1761 | D:3      | Killed Terence
  1772 | D:3      | Killed Grinder
  1773 | D:3      | Reached XP level 5. HP: 28/32 MP: 7/7
  1773 | D:3      | Reached XP level 6. HP: 33/37 MP: 8/8
  2038 | D:3      | Identified a scroll of acquirement
  2038 | D:3      | Acquired 874 gold pieces
  2672 | D:5      | Entered Level 5 of the Dungeon
  2779 | D:5      | Found a staircase to the Ecumenical Temple.
  2789 | Temple   | Entered the Ecumenical Temple
  2907 | Temple   | Became a worshipper of Ashenzari the Shackled
  3103 | D:5      | Noticed a black bear
  3121 | D:5      | Killed a black bear
  3122 | D:5      | Reached skill level 5 in Dodging
  3122 | D:5      | Gained mutation: Your magical flight helps you evade
                  | attacks. (EV +4) [Tengu growth]
  3122 | D:5      | Reached XP level 7. HP: 33/43 MP: 9/9
  3494 | D:6      | Found a shadowy altar of Dithmenos.
  3511 | D:6      | Found a blossoming altar of Fedhas.
  3631 | D:6      | Reached skill level 5 in Unarmed Combat
  3634 | D:6      | Found a sparkling altar of Nemelex Xobeh.
  3635 | D:6      | Found a glowing silver altar of Zin.
  3673 | D:6      | Reached skill level 5 in Fighting
  3673 | D:6      | Reached XP level 8. HP: 49/49 MP: 10/10
  4479 | D:7      | Reached skill level 1 in Air Magic
  4858 | D:7      | Reached * piety under Ashenzari
  5074 | D:8      | Reached skill level 1 in Armour
  5132 | D:9      | Noticed a two-headed ogre
  5143 | D:9      | HP: 2/51 [two-headed ogre/+0 giant spiked club (16)]
  5144 | D:9      | Killed a two-headed ogre
  5145 | D:9      | Reached XP level 9. HP: 3/55 MP: 11/11
  5410 | D:9      | Killed from afar by a steam dragon

Illustrated notes

Levels and vault maps discovered:
D:1:      saegor_arrival_simple_b, layout_rooms, serial_rivers,
          chequers_serial_rivers_marsh, chequers_serial_rivers_micro_d,
          chequers_serial_rivers_micro_b, chequers_serial_rivers_room_b,
          chequers_serial_rivers_micro_b, ebering_ecumenical_altar_webs
D:2:      layout_basic, dk_noncrumbling_4, chequers_serial_rivers_marsh
D:3:      layout_rooms, minmay_cut_off, uniq_grinder, uniq_terence
D:4:      layout_cave_pools
D:5:      layout_rooms, minmay_temple_entry_statues_fountains
D:6:      layout_basic, jmf_multi_god_temple, mainiacjoe_overflow_catwalk_spiral
D:7:      layout_loops_ring, serial_bayou_ford_a, minmay_lizard_king
D:8:      layout_basic
D:9:      layout_roguey, lemuel_crystal_altar, serial_glass, glass_columns_a,
          glass_columns_a, uniq_psyche
Temple:   minmay_crystal_spiral_temple

Skill      XL: |  1  2  3  4  5  6  7  8  9 |
---------------+----------------------------+-----
Unarmed Combat | 1 2 3 4 5 6 |  6.5
Fighting       | 2 3 4 5 6 |  6.2
Dodging        | 3 4 5 6 |  6.3
Air Magic      | 4 |  4.4
Fire Magic     | 3 4 |  4.0
Armour         | 2 |  2.8
Ranged Weapons | |  2.1
Spellcasting   | |  1.0
Hexes          | |  2.1

Action                     |  1- 3 |  4- 6 |  7- 9 || total
---------------------------+-------+-------+-------++-------
  Melee: Dagger            |    52 |    72 |   106 ||   230
         Kick              |    10 |    19 |    36 ||    65
         Peck              |     6 |    14 |    19 ||    39
         Punch             |       |     2 |       ||     2
   Fire: Sling             |    29 |       |       ||    29
  Throw: Javelin           |       |       |     3 ||     3
 Invoke: Curse Item        |       |       |     2 ||     2
  Evoke: Wand              |       |    12 |     3 ||    15
    Use: Scroll            |     6 |     8 |     1 ||    15
         Potion            |     1 |       |     1 ||     2
 Armour: Ring mail         |    31 |    34 |       ||    65
         Plate armour      |       |    12 |   122 ||   134
  Dodge: Dodged            |    65 |    70 |   116 ||   251

Table legend: (Time is in decaauts)
 A = Elapsed time spent in this place.
 B = Non-inter-level travel time spent in this place.
 C = Inter-level travel time spent in this place.
 D = Time resting spent in this place.
 E = Time spent auto-exploring this place.
 F = Levels seen in this place.
 G = Mean time per level.
                   A        B        C        D        E       F      G
               +--------+--------+--------+--------+--------+-----+--------+
         Total |   5534 |   5015 |    519 |    161 |   3434 |  10 |  553.4 |
       Dungeon |   5384 |   5013 |    371 |    161 |   3434 |   9 |  598.2 |
        Temple |    149 |      1 |    148 |      0 |      0 |   1 |  149.0 |
               +--------+--------+--------+--------+--------+-----+--------+

Top non-repeatable levels by time:
     D:6: 1113 daAuts
     D:2: 974 daAuts
     D:1: 805 daAuts
     D:8: 600 daAuts
     D:3: 548 daAuts
     D:4: 521 daAuts
     D:5: 426 daAuts
     D:7: 283 daAuts
  Temple: 149 daAuts
     D:9: 111 daAuts
